 Dungeon Crawl Stone Soup version 0.31-a0-83-gbff143cfd1 (webtiles) character file.

Game seed: 4262167434735772626

147 Esekla the Sneak (level 5, 36/36 HPs)
             Began as an Octopode Delver on May 24, 2023.
             Quit the game on level 5 of the Dungeon.
             The game lasted 00:04:36 (909 turns).

Esekla the Sneak (Octopode Delver)                   Turns: 909, Time: 00:04:36

Health: 36/36      AC:  1    Str: 12    XL:     5   Next: 29%
Magic:  6/6        EV: 13    Int: 14    God:
Gold:   30         SH:  5    Dex: 13    Spells: 6/6 levels left

rFire   . . .        a - +0 falchion
rCold   . . .        g - +2 buckler
rNeg    . . .        (helmet restricted)
rPois   .            (no amulet)
rElec   .            (no ring)
rCorr   .            (no ring)
SInv    .            (no ring)
Will    .....        (no ring)
Stlth   +++++        (no ring)
HPRegen 0.26/turn    (no ring)
MPRegen 0.10/turn    (no ring)
                     (no ring)

%: no passive effects
@: no status effects
A: almost no armour, amphibious, 8 rings, camouflage 1, gelatinous body 1,
(nimble swimmer 1), tentacles
a: no special abilities


You were on level 5 of the Dungeon.
You visited 1 branch of the dungeon, and saw 1 of its levels.

You collected 30 gold pieces.

Inventory:

Hand Weapons
 a - a +0 falchion (weapon)
Armour
 g - a +2 buckler (worn)
Wands
 f - a wand of digging (3)
Scrolls
 b - a scroll of fog
 c - a scroll of noise {unknown}
 d - a scroll of fear
Potions
 e - a potion of haste


   Skills:
 * Level 3.5 Fighting
 * Level 2.7 Long Blades
 * Level 2.5 Dodging
 + Level 7.9 Stealth
 * Level 0.9 Shields
 * Level 1.2 Spellcasting


You had 6 spell levels left.
You didn't know any spells.
Your spell library was empty.

Dungeon Overview and Level Annotations

Branches:
Dungeon (5/15)
 Temple: D:4-7

Altars:
Uskayaw

Shops:
D:5 ((:?


Innate Abilities, Weirdness & Mutations

You cannot wear most types of armour.
You are amphibious.
You can wear up to eight rings at the same time.
Your skin changes colour to match your surroundings (Stealth+).
Your rubbery body absorbs attacks. (AC +1, EV +1)
((You are camouflaged when in or above water. (Stealth+)))
You have tentacles for arms and can constrict up to eight enemies at once.


Message History

Things that are here:
a +0 flail; an orc corpse
Items here: )) ††.
You see here a +0 plate armour of willpower.
The adder hisses angrily.
The adder bites you. The adder barely misses you.
You hit the adder. You grab the adder.
The adder is heavily wounded.
You constrict the adder. You block the adder's attack.
You slash the adder!
You kill the adder!
You see here an adder corpse.
You start waiting.
Done waiting.
The iguana hisses angrily.
You hit the scorpion but do no damage. You grab the scorpion.
You constrict the scorpion, but do no damage.
The scorpion barely misses you.
You hit the scorpion but do no damage. You squeeze the scorpion.
The scorpion is moderately wounded.
You constrict the scorpion. The scorpion stings you!
The scorpion stings you but does no damage.
You hit the scorpion but do no damage.
You tentacle-slap the scorpion, but do no damage.
The scorpion is heavily wounded.
You constrict the scorpion, but do no damage.
The scorpion closely misses you.
You hit the scorpion but do no damage.
You squeeze the scorpion, but do no damage.
The scorpion is heavily wounded.
You constrict the scorpion, but do no damage.
The scorpion barely misses you. You block the scorpion's attack.
You hit the scorpion. You squeeze the scorpion.
You kill the scorpion!
You have reached level 5!
You feel stronger.
You see here a scorpion corpse.
There is an entrance to Soenapem's Book Shoppe here.
You can access your shopping list by pressing '$'.
Are you sure you want to abandon this character and quit the game? (Confirm with "yes".)

#.......###.###.#...##.########
#..........................##..
#........###########.....#.##..
#..................#....##.##..
#........#########.#...........
#........#.......#.#..#######..
###.####.#.#####.#.#..# ### #.#
#.#.#...#.#.#..# #.#
#.#.#.#@#.#.#..#******
#####.####.#.#.###.#.#......,,*
#.....##...#.#.....#.#......,,*
#.######...#.#######.#......,,*
#.##.......#.....†...#,.....,,*
..##.###...###########,,....,,*
####.###........l..,,,,,....,,*
#.....##.......#.#.#,*,,,,,,,,*
*
.........####....#.#,*,,,,,,<,*
*


You could see an iguana.

Vanquished Creatures
  A scorpion (D:5)
  A hound (D:5)
  An iguana (D:5)
  An adder (D:5)
  2 white imps (D:5)
  An ufetubus (D:5)
  3 orcs (D:5)
10 creatures vanquished.

Notes
Turn   | Place    | Note
-------+----------+-------------------------------------------
     0 | D:5      | Esekla the Octopode Delver began the quest for the Orb.
     0 | D:5      | Reached XP level 1. HP: 16/16 MP: 1/1
     0 | D:5      | Found Viull's Antique Weapon Shop.
    70 | D:5      | Found Ytanwa's Magic Scroll Shoppe.
   128 | D:5      | Found Paunecsu's Weapon Shop.
   206 | D:5      | Reached XP level 2. HP: 11/21 MP: 2/2
   374 | D:5      | Reached skill level 7 in Stealth
   374 | D:5      | Reached XP level 3. HP: 10/26 MP: 2/4
   489 | D:5      | Noticed a scorpion
   499 | D:5      | Found Soenapem's Book Shoppe.
   535 | D:5      | Found a hide-covered altar of Uskayaw.
   595 | D:5      | Reached skill level 1 in Spellcasting
   595 | D:5      | Reached XP level 4. HP: 13/31 MP: 5/5
   879 | D:5      | Killed a scorpion
   880 | D:5      | Reached XP level 5. HP: 30/36 MP: 6/6
   909 | D:5      | Quit the game

Illustrated notes

Levels and vault maps discovered:
D:5:      layout_basic, nicolae_uskayaw_dance_hall, serial_shops,
          nicolae_inconvenience_store, shop, shop, nicolae_square_shop

Skill      XL: |  1  2  3 |
---------------+----------+-----
Stealth        | 7 |  7.9
Spellcasting   | 1 |  1.2
Fighting       | |  3.5
Long Blades    | |  2.7
Dodging        | |  2.5
Shields        | |  0.9

Action                     |  1- 3 |  4- 6 || total
---------------------------+-------+-------++-------
  Melee: Falchion          |    19 |    13 ||    32
         Constrict         |     5 |     5 ||    10
         Punch             |     1 |     1 ||     2
         Tentacles         |     4 |     6 ||    10
    Use: Scroll            |     1 |       ||     1
   Stab: Sleeping          |     1 |       ||     1
 Armour: Skin              |       |     2 ||     2
  Dodge: Dodged            |    13 |     5 ||    18
  Block: Buckler           |     3 |     4 ||     7

Table legend: (Time is in decaauts)
 A = Elapsed time spent in this place.
 B = Non-inter-level travel time spent in this place.
 C = Inter-level travel time spent in this place.
 D = Time resting spent in this place.
 E = Time spent auto-exploring this place.
 F = Levels seen in this place.
 G = Mean time per level.
                   A        B        C        D        E       F      G
               +--------+--------+--------+--------+--------+-----+--------+
         Total |    916 |    916 |      0 |    434 |      0 |   1 |  916.0 |
       Dungeon |    916 |    916 |      0 |    434 |      0 |   1 |  916.0 |
               +--------+--------+--------+--------+--------+-----+--------+

Top non-repeatable levels by time:
     D:5: 916 daAuts
